 Dungeon Crawl Stone Soup version 0.30.0-29-ga12c61a403 (webtiles) character file.

Game seed: 5998240505448742547

517700 MacCMillion the Gnoll Aeon (level 25, -3/202 HPs)
             Began as a Gnoll Ice Elementalist on June 19, 2023.
             Was the Champion of Cheibriados.
             Killed from afar by an ancient lich (41 damage)
             ... with a crystal spear
             ... while petrified by an ancient lich
             ... on level 2 of the Crypt.
             The game lasted 03:00:38 (73082 turns).

MacCMillion the Gnoll Aeon (GnIE)                  Turns: 73082, Time: 03:00:38

Health: -3/202     AC: 24    Str: 20    XL:     25   Next: 21%
Magic:  34/45      EV:  2    Int: 51    God:    Cheibriados [******]
Gold:   6004       SH:  0    Dex: 30    Spells: 19/60 levels left

rFire   + . .        f - staff of air "Kolewoe" {rElec rC++ Str-3 Int+3 Stlth+}
rCold   + . .        U - +0 kite shield {reflect}
rNeg    + + +        P - +0 shadow dragon scales
rPois   ∞            H - +2 helmet
rElec   +            (no cloak)
rCorr   .            j - +1 pair of gloves
SInv    .            L - +2 pair of boots
Will    +....        c - amulet of Vitality {RegenMP++ Regen++} Stlth *+++++++++
                     s - ring "Ducwoyrr" {Wiz Int+3 Dex+2 Slay+3}
HPRegen 2.13/turn    g - ring "Hefautit" {rF+ rC- rN++ Int+6 Stlth+}
MPRegen 1.09/turn

%: reflection, wizardry (x1)
@: petrified, very slightly contaminated, very slow
A: fangs 1, strong nose, distributed training, clumsy 1, deformed body
}: 3/15 runes: decaying, serpentine, silver
a: Renounce Religion, Bend Time, Temporal Distortion, Slouch, Step From Time


You were on level 2 of the Crypt.
You worshipped Cheibriados.
Cheibriados was exalted by your worship.
You visited 10 branches of the dungeon, and saw 46 of its levels.
You visited the Abyss 1 time.
You visited 1 bazaar.
You also visited: Trove, Bailey and Gauntlet.

You collected 7106 gold pieces.
You spent 1102 gold pieces at shops.

Inventory:

Hand Weapons
 d - the +9 quick blade "Enadd" {freeze, Dex+3}
   (You found it in a Gauntlet)

   Dex:       It affects your dexterity (+3).
Armour
 j - a +1 pair of gloves (worn)
 p - a +2 robe of willpower
 H - a +2 helmet (worn)
 L - a +2 pair of boots (worn)
 P - +0 shadow dragon scales (worn)
 U - a +0 kite shield of reflection (worn)
Magical Staves
 f - the staff of air "Kolewoe" (weapon) {rElec rC++ Str-3 Int+3 Stlth+}
   (You found it on level 3 of the Elven Halls)

   [staff of air]

   Base accuracy: +5 Base damage: 5 Base attack delay: 1.2 This weapon's minimum
   attack delay (0.6) is reached at skill level 12.
   Str:       It affects your strength (-3).
   Int:       It affects your intelligence (+3).
   rC:        It greatly protects you from cold.
   rElec:     It insulates you from electricity.
   Stlth:     It makes you more stealthy.
   It falls into the 'Staves' category.
   It is a one-handed weapon.
Jewellery
 a - a ring of willpower
 c - the amulet of Vitality (around neck) {RegenMP++ Regen++}
   (You found it in a treasure trove)

   [amulet of magic regeneration]

   It increases your rate of magic regeneration.
   Regen:     It increases your rate of health regeneration.
 g - the ring "Hefautit" (right hand) {rF+ rC- rN++ Int+6 Stlth+}
   (You took it off a rakshasa on level 3 of the Depths)

   [ring of intelligence]

   Int:       It affects your intelligence (+6).
   rF:        It protects you from fire.
   rC:        It makes you vulnerable to cold.
   rN:        It greatly protects you from negative energy.
   Stlth:     It makes you more stealthy.
 s - the ring "Ducwoyrr" (left hand) {Wiz Int+3 Dex+2 Slay+3}
   (You found it in a treasure trove)

   [ring of wizardry]

   It improves your spell success rate.
   Int:       It affects your intelligence (+3).
   Dex:       It affects your dexterity (+2).
   Slay:      It affects your accuracy & damage with ranged weapons and melee
   (+3).
 A - the ring of Pyromania {rPois rC++}
   (You found it in a treasure trove)

   [ring of poison resistance]

   rC:        It greatly protects you from cold.
   rPois:     It protects you from poison.
 I - the ring of the Yeti {Ice Dex+6 Slay+3 SInv}
   (You took it off a deep elf high priest on level 1 of the Elven Halls)

   [ring of ice]

   It enhances your ice magic.
   Dex:       It affects your dexterity (+6).
   Slay:      It affects your accuracy & damage with ranged weapons and melee
   (+3).
   rF:        It makes you vulnerable to fire.
   rC:        It protects you from cold.
   SInv:      It lets you see invisible.
 Q - the ring "Wygonto" {Fly rCorr}
   (You found it in a treasure trove)

   [ring of resist corrosion]

   Fly:       It grants you flight.
   rCorr:     It protects you from acid and corrosion.
 T - the ring of Zinojod {Fire rElec}
   (You found it on level 4 of the Lair of Beasts)

   [ring of fire]

   It enhances your fire magic.
   rF:        It protects you from fire.
   rC:        It makes you vulnerable to cold.
   rElec:     It insulates you from electricity.
 Z - the ring of the Shining Light {AC+4 Int+2}
   (You found it in a Gauntlet)

   [ring of protection]

   AC:        It affects your AC (+4).
   Int:       It affects your intelligence (+2).
Wands
 t - a wand of mindburst (32)
 E - a wand of paralysis (62)
 G - a wand of digging (14)
 M - a wand of roots (59)
 S - a wand of light (20)
Scrolls
 b - 2 scrolls of amnesia
 h - a scroll of summoning
 k - 6 scrolls of magic mapping
 l - 3 scrolls of silence
 n - 6 scrolls of fog
 q - 7 scrolls of fear
 r - 3 scrolls of torment
 v - 8 scrolls of immolation
 B - 6 scrolls of vulnerability
 F - 16 scrolls of poison
 O - 5 scrolls of blinking
 W - 14 scrolls of teleportation
Potions
 e - 8 potions of magic
 i - 20 potions of curing
 m - 15 potions of lignification
 o - 6 potions of might
 u - 6 potions of berserk rage
 w - 4 potions of resistance
 x - 8 potions of brilliance
 z - 9 potions of heal wounds
 D - a potion of invisibility
 J - 2 potions of ambrosia
 K - 6 potions of flight
 N - 19 potions of mutation
 R - a potion of cancellation
 Y - 6 potions of attraction
Miscellaneous
 y - a phial of floods
 C - a box of beasts
 V - a phantom mirror
 X - a lightning rod (4/4)


   Skills:
 + Level 17.4 Fighting
 + Level 17.4 Short Blades
 + Level 17.4 Long Blades
 + Level 17.4 Axes
 + Level 17.4 Maces & Flails
 + Level 17.4 Polearms
 + Level 17.4 Staves
 + Level 17.4 Ranged Weapons
 + Level 17.4 Throwing
 + Level 17.4 Armour
 + Level 17.9 Dodging
 + Level 17.8 Stealth
 + Level 17.4 Shields
 + Level 17.4 Unarmed Combat
 + Level 18.0 Spellcasting
 + Level 14.8 Conjurations
 + Level 14.8 Hexes
 + Level 14.8 Summonings
 + Level 14.8 Necromancy
 + Level 14.8 Translocations
 + Level 14.8 Transmutations
 + Level 14.8 Fire Magic
 + Level 16.2 Ice Magic
 + Level 14.8 Air Magic
 + Level 14.8 Earth Magic
 + Level 14.8 Poison Magic
 + Level 18.8 Invocations
 + Level 17.4 Evocations


You had 19 spell levels left.
You knew the following spells:

 Your Spells              Type           Power      Damage    Failure   Level
a - Freeze                Ice            100%       1d10      0%          1
b - Frozen Ramparts       Ice            100%       1d16      0%          3
c - Ozocubu's Armour      Ice            100%       N/A       0%          3
d - Summon Ice Beast      Ice/Summ       100%       N/A       1%          4
e - Hailstorm             Conj/Ice       100%       3d20      0%          3
f - Fireball              Conj/Fire      57%        3d22      1%          5
g - Irradiate             Conj/Tmut      57%        3d30      1%          5
h - Plasma Beam           Fire/Air       69%        2x1d94    1%          6
i - Summon Cactus Giant   Summ           57%        N/A       1%          6
j - Freezing Cloud        Conj/Ice/Air   70%        6-21      1%          5

Your spell library contained the following spells:

 Spells                   Type           Power      Damage    Failure   Level
 Foxfire                  Conj/Fire      100%       2x1d9     0%          1
 Kiss of Death            Conj/Necr      100%       2d13      0%          1
 Magic Dart               Conj           100%       1d8       0%          1
 Sandblast                Erth           100%       2d20      0%          1
 Shock                    Conj/Air       100%       1d9       0%          1
 Sting                    Tmut/Pois      100%       1d8       0%          1
 Call Imp                 Summ           100%       N/A       0%          2
 Cigotuvi's Dreadful Rot  Necr/Pois/Air  100%       N/A       0%          2
 Ensorcelled Hibernation  Hex/Ice        100%       N/A       0%          2
 Momentum Strike          Conj/Tloc      100%       3d10      0%          2
 Passwall                 Tmut/Erth      95%        N/A       0%          2
 Poisonous Vapours        Pois/Air       100%       N/A       0%          2
 Scorch                   Fire           100%       2d9       0%          2
 Confusing Touch          Hex            100%       N/A       0%          3
 Inner Flame              Hex/Fire       100%       N/A       0%          3
 Mephitic Cloud           Conj/Pois/Air  100%       N/A       0%          3
 Spider Form              Tmut/Pois      100%       N/A       0%          3
 Stone Arrow              Conj/Erth      100%       3d13      0%          3
 Summon Guardian Golem    Hex/Summ       100%       N/A       0%          3
 Swiftness                Air            100%       N/A       0%          3
 Tukima's Dance           Hex            100%       N/A       0%          3
 Vhi's Electric Charge    Tloc/Air       100%       N/A       0%          3
 Volatile Blastmotes      Fire/Tloc      100%       2d18      0%          3
 Airstrike                Air            69%        2d(10-26) 1%          4
 Anguish                  Hex/Necr       57%        N/A       1%          4
 Animate Armour           Summ/Erth      100%       N/A       1%          4
 Animate Dead             Necr           100%       N/A       1%          4
 Dispel Undead            Necr           100%       3d31      1%          4
 Flame Wave               Conj/Fire      100%       2d21      1%          4
 Ice Form                 Ice/Tmut       100%       N/A       1%          4
 Leda's Liquefaction      Hex/Erth       57%        N/A       1%          4
 Manifold Assault         Tloc           100%       N/A       1%          4
 Olgreb's Toxic Radiance  Pois           100%       N/A       1%          4
 Passage of Golubria      Tloc           100%       N/A       1%          4
 Petrify                  Tmut/Erth      100%       N/A       1%          4
 Sticky Flame             Conj/Fire      100%       2d11      1%          4
 Alistair's Intoxication  Tmut/Pois      76%        N/A       1%          5
 Arcjolt                  Conj/Air       69%        1d79      1%          5
 Borgnjor's Vile Clutch   Necr/Erth      57%        N/A       1%          5
 Iskenderun's Battlesphe  Conj           100%       2d15      1%          5
 Lee's Rapid Deconstruct  Erth           57%        3d27*     1%          5
 Metabolic Englaciation   Hex/Ice        58%        N/A       1%          5
 Summon Mana Viper        Hex/Summ       100%       N/A       1%          5
 Yara's Violent Unravell  Hex/Tmut       57%        3d22      1%          5
 Conjure Ball Lightning   Conj/Air       69%        3x3d26    1%          6
 Death Channel            Necr           57%        N/A       1%          6
 Dispersal                Tloc           57%        N/A       1%          6
 Iron Shot                Conj/Erth      57%        9d11      1%          6
 Simulacrum               Ice/Necr       58%        N/A       1%          6
 Statue Form              Tmut/Erth      76%        N/A       1%          6
 Monstrous Menagerie      Summ           57%        N/A       1%          7
 Orb of Destruction       Conj           57%        9d14      1%          7
 Spellforged Servitor     Conj/Summ      57%        N/A       1%          7
 Borgnjor's Revivificati  Necr           57%        N/A       16%         8
 Disjunction              Tloc           57%        N/A       16%         8
 Ignition                 Fire           57%        3d16      16%         8
 Maxwell's Capacitive Co  Air            69%        ∞         16%         8
 Necromutation            Tmut/Necr      57%        N/A       16%         8
 Death's Door             Necr           57%        N/A       89%         9
 Fire Storm               Conj/Fire      57%        8d15      89%         9


Dungeon Overview and Level Annotations

Branches:
Dungeon (15/15)            Temple (1/1) D:5            Lair (5/5) D:9
  Swamp (4/4) Lair:3        Snake (4/4) Lair:3        Slime (0/5) Lair:5
    Orc (2/2) D:10            Elf (3/3) Orc:2        Vaults (5/5) D:13
  Crypt (3/3) Vaults:2     Depths (4/4) D:15            Zot (0/5) Depths:4
 Bailey (visited)         Gauntlet (visited)
   Tomb: Crypt:3

Altars:
Ashenzari
Cheibriados
Dithmenos
Elyvilon
Fedhas
Gozag
Hepliaklqana
Kikubaaqudgha
Makhleb
Nemelex Xobeh
Okawaru
Qazlal
Ru
Sif Muna
Trog
Uskayaw
Vehumet
Wu Jian
Xom
Yredelemnul
Zin
The Shining One
Jiyva

Shops:
D:3 *   D:6 *:   D:9 (   D:11 *   D:13 =   D:14 :   Orc:2 ?[**   Elf:1 (!=
Snake:1 *?*

Portals:
Hell: Depths:1 Depths:2 Depths:3 Depths:4
Abyss: D:13 Depths:3
Pandemonium: Depths:2 Depths:3
Ziggurat: Depths:1

Annotations:
D:4 3 runed translucent doors, vfn1303's ghost, amateur DgHs
D:7 2 transporters, ChadusMaximus's ghost, novice MiFi
D:13 2 transporters, ymhsbmbesitwf's ghost, journeyman MiBe
Lair:2 exclusion: electric eel
Swamp:3 2 transporters, exclusion: obsidian statue
Elf:1 6 runed translucent doors
Elf:2 5 runed translucent doors
Vaults:3 8 runed translucent doors, Tang's ghost, master DsGl
Depths:2 1 runed translucent door
Depths:4 exclusion: door


Innate Abilities, Weirdness & Mutations

You have very sharp teeth.
Your uncanny sense of smell can sniff out nearby items.
Your experience applies equally to all skills.
You are clumsy. (Dex -2)
Armour fits poorly on your strangely shaped body.


Message History

The jiangshi claws you. You block the jiangshi's attack.
The black draconian zombie completely misses you.
You block the jiangshi's attack. The jiangshi claws you!
The jiangshi draws strength from your injuries!
A reaper comes into view. It is wielding a +5 heavy scythe.
Casting: Irradiate (safe; 1% risk of failure)
Confirm with . or Enter, or press ? or * to list all spells.
You erupt in a fountain of uncontrolled magic!
The black draconian zombie is blasted with magical radiation!
The black draconian zombie is heavily damaged.
The ancient lich is blasted with magical radiation!!!
The ancient lich is heavily damaged.
The jiangshi is blasted with magical radiation!!
The jiangshi is almost destroyed.
You are lightly contaminated with residual magic.
You block the jiangshi's attack. The jiangshi misses you.
You block the black draconian zombie's attack.
The ancient lich gestures at you while chanting.
The crystal spear hits you!!!! You block the jiangshi's attack.
The jiangshi completely misses you.
The reaper hits you from afar with a +5 heavy scythe!!!
* * * LOW HITPOINT WARNING * * *
The ancient lich gestures wildly while chanting.
The ancient lich flickers and vanishes!
Deactivating autopickup; reactivate with Ctrl-A.
There is a stone staircase leading up, spattered with blood here.
The reaper hits you from afar with a +5 heavy scythe!!
* * * LOW HITPOINT WARNING * * *
You hear some strange, mumbled words.
You are slowing down.
You climb upwards.
Reactivating autopickup.
You have turned to stone.
Something touches you but does no damage.
Deactivating autopickup; reactivate with Ctrl-A.
Something touches you but does no damage.
You hear some strange, mumbled words.
A crystal spear appears from out of thin air!
The crystal spear hits you!!!!
You die...

.........# #..........#
########.####..###############
##~~#.......##.#...#.........#
#~~~~...#...##.#.#.#.#######.#
~~~~~...##..[#.#.#.#.# #.#
~~~~~~~####..[.#.#.#.# #.#
~~~~~~~~###.##...#.#.# #.#
~~~~~~~~~##.##.).#.#.# #.#
~~~~~~~~~##.##.{@....# #.#
~~~~~~~~~##.######.#########.####
~~~~~~~~~.....#.................#
~~~~~~~~#.....#.##.##############
~~~~~~~##.....#.##.#<..........#
~~~~~~~##.....#.##.###########.#
#~~~~~~##.....#.##.# #.#
#~~~~~~##.....#.##.# #.#
#~~~~~~##.....#.##.###########.#


There were no monsters in sight!

Vanquished Creatures
  2 dread liches (Vaults:5)
  Mara (Swamp:3)
  Bai Suzhen (Depths:1)
  Saint Roka (Vaults:2)
  4 golden dragons (Vaults:5)
  Nikola (Swamp:4)
  3 tentacled monstrosities
  2 hellephants (Depths:3)
  Rupert (D:15)
  A walking crystal tome (Depths:3)
  2 liches
  A walking frostbound tome (Depths:3)
  4 sphinxes
  4 titans (Vaults:5)
  2 deep elf blademasters (Elf:3)
  2 deep elf master archers (Elf:3)
  A quicksilver dragon (Depths:3)
  A thorn hunter (Swamp:4)
  12 tengu reavers
  3 storm dragons
  2 revenants
  Roxanne (Swamp:2)
  5 shadow dragons (Vaults:5)
  A fenstrider witch (shapeshifter) (Vaults:5)
  A nagaraja (Snake:4)
  6 fire giants
  A draconian monk (Depths:4)
  7 frost giants
  2 iron dragons
  A balrug (Abyss:3)
  6 deep elf sorcerers
  14 vault wardens
  An orc warlord (Orc:2)
  4 deep elf elementalists (Elf:3)
  Aizul (Snake:2)
  A curse skull (Crypt:2)
  A draconian shifter (Depths:4)
  A reaper (Depths:3)
  A caustic shrike zombie (Crypt:2)
  29 ironbound preservers
  20 very ugly things
  4 ghouls (Crypt:2)
  17 stone giants
  4 war gargoyles
  Nessos (Lair:5)
  6 ironbound thunderhulks
  8 vampire knights
  7 deep elf demonologists
  7 bunyips
  4 spark wasps
  Azrael (Snake:2)
  A red draconian (Depths:4)
  A green draconian (Depths:4)
  2 eleionomae
  A yellow draconian (Depths:4)
  17 dire elephants
  A dire elephant (shapeshifter) (Vaults:5)
  3 eidola
  7 deep elf annihilators (Elf:3)
  6 jiangshi
  7 fire dragons
  Josephine (D:15)
  A blizzard demon (Abyss:3)
  A shambling mangrove (Swamp:3)
  10 deep elf death magi
  6 ettins
  28 vault guards
  7 ice dragons
  16 yaktaur captains
  6 great orbs of eyes
  7 deep elf high priests
  4 entropy weavers
  A peacekeeper (Vaults:3)
  A rakshasa (Depths:3)
  13 hydras
  Erolcha (D:10)
  4 salamander tyrants
  2 spriggan air magi
  A catoblepas (Lair:4)
  A spriggan skeleton (Crypt:2)
  13 centaur warriors
  8 dancing weapons
  11 ironbound frosthearts
  8 two-headed ogres
  3 alligators
  17 anacondas
  A death knight (Crypt:2)
  2 death yaks
  8 tengu warriors
  4 spriggan berserkers
  5 vampire magi
  4 boulder beetles
  5 hell hogs (Depths:3)
  2 deep troll shamans
  A deep troll earth mage (Depths:3)
  8 hell knights
  10 naga warriors
  9 spriggans
  3 orc high priests
  17 deep elf knights
  A soul eater (Crypt:2)
  4 shock serpents
  10 naga sharpshooters
  2 skysharks (Lair:5)
  Amaemon (D:11)
  A shadow wraith (Crypt:2)
  3 sun demons (Abyss:3)
  A titan skeleton (Crypt:2)
  A sixfirhy (Depths:3)
  7 salamander mystics
  An iron troll (Depths:3)
  A storm dragon zombie (Crypt:2)
  A wretched star (Abyss:3)
  A spark wasp zombie (Depths:1)
  A storm dragon skeleton (Crypt:2)
  21 skeletal warriors
  6 goliath frogs
  7 sea snakes (Snake:1)
  61 deep trolls
  A death drake (Swamp:3)
  6 glowing orange brains
  2 flayed ghosts
  6 naga ritualists
  A golden dragon skeleton (Depths:1)
  15 ironbound convokers
  3 bog bodies
  9 wizards
  8 swamp dragons
  5 spriggan druids
  9 phantasmal warriors
  16 deep elf archers
  12 lindwurms
  A steelbarb worm (shapeshifter) (Depths:1)
  An iron giant skeleton (Crypt:1)
  An anaconda skeleton (Crypt:2)
  37 deep elf pyromancers
  29 deep elf zephyrmancers
  4 necromancers
  5 harpies (Vaults:1)
  38 ugly things
  8 orc knights
  A wolf spider (Lair:3)
  8 cyclopes
  8 orc sorcerers
  A mana viper (shapeshifter) (Vaults:5)
  6 mana vipers (Snake:4)
  A worldbinder (Abyss:2)
  A frost giant zombie (Depths:1)
  22 salamanders
  4 will-o-the-wisps
  7 manticores
  10 centaur zombies
  A fire giant skeleton (Depths:1)
  A stone giant skeleton (Crypt:2)
  39 black mambas
  Maurice (Orc:2)
  5 guardian serpents (Snake:4)
  4 smoke demons
  A demonic crawler (Abyss:2)
  An apocalypse crab (Abyss:3)
  12 naga magi
  2 torpor snails
  A red draconian zombie (Crypt:1)
  An orange demon (D:11)
  10 cane toads
  2 gargoyles (D:12)
  A swamp worm zombie (Crypt:3)
  15 vault sentinels
  A centaur skeleton (Crypt:2)
  5 freezing wraiths
  Psyche (D:9)
  34 yaktaurs
  Maggie (D:9)
  An unseen horror zombie (D:10)
  2 unseen horrors
  An iron troll zombie (Crypt:2)
  4 kobold demonologists
  An alligator snapping turtle skeleton (Crypt:2)
  A rime drake (Lair:3)
  3 komodo dragons
  2 tengu conjurers
  An ancient zyme (Abyss:3)
  A queen bee (Gauntlet)
  A hellwing (Depths:3)
  12 trolls
  8 polar bears
  13 tyrant leeches
  3 bloated husks
  A polar bear (shapeshifter) (D:14)
  A queen bee (shapeshifter) (D:15)
  A tyrant leech (shapeshifter) (Vaults:5)
  4 saltlings (Orc:2)
  9 hornets
  12 blink frogs
  A tarantella (Vaults:3)
  An ettin zombie (Crypt:2)
  3 raiju (Abyss:2)
  2 slime creatures (shapeshifter) (Vaults:5)
  39 slime creatures
  4 air elementals
  2 flying skulls (Crypt:2)
  An ettin skeleton (Crypt:2)
  13 wraiths
  A ynoxinul (Lair:5)
  A culicivora (Vaults:5)
  2 wyverns
  8 water elementals
  3 fire elementals
  5 shadows
  10 basilisks
  37 yaks
  A basilisk (shapeshifter) (Vaults:5)
  2 steam dragons
  6 redbacks
  6 vampire mosquitoes
  A redback (shapeshifter) (Vaults:5)
  Menkaure (D:7)
  15 wargs
  11 swamp worms
  14 two-headed ogre zombies (D:10)
  An acid dragon (D:11)
  30 nagas
  A faun zombie (Crypt:2)
  14 water moccasins
  2 hell hounds
  5 large abominations
  28 orc warriors
  6 swamp drakes
  A black bear (shapeshifter) (Vaults:5)
  An ice beast (D:5)
  5 boggarts (Vaults:2)
  6 ogres
  A black bear (Lair:2)
  16 centaurs
  A hog zombie (Crypt:2)
  A snapping turtle skeleton (Crypt:2)
  A hog skeleton (Crypt:1)
  6 kobold brigands
  13 bullfrogs
  4 earth elementals
  A gnoll sergeant (D:6)
  5 necrophages
  A salamander skeleton (Crypt:2)
  2 scorpions
  12 wights
  A raiju zombie (Crypt:1)
  10 killer bees
  5 electric eels
  A howler monkey (D:6)
  A quasit (Abyss:2)
  2 human zombies
  11 orc priests
  A basilisk zombie (Crypt:2)
  2 hounds
  3 jellies
  3 gnoll boudas
  5 iguanas
  25 orc wizards
  A boggart zombie (D:14)
  6 hell rats (Lair:5)
  A boggart skeleton (Crypt:1)
  3 small abominations
  An ogre zombie (D:10)
  An ice beast zombie (Crypt:1)
  A deep dwarf skeleton (Crypt:2)
  An ogre skeleton (Crypt:1)
  A mummy (D:10)
  2 howler monkey zombies
  12 gnolls
  A swamp drake zombie (Crypt:2)
  11 adders
  A shadow imp (D:8)
  An ufetubus (D:5)
  An adder skeleton (Crypt:1)
  5 worms
  4 dart slugs
  62 orcs
  8 ball pythons
  5 endoplasms
  4 giant cockroaches
  4 goblins
  8 hobgoblins
  4 quokkas
  6 bats
  5 frilled lizards
  A gnoll zombie (Crypt:2)
  20 kobolds
  6 rats
  A rat skeleton (Crypt:2)
1760 creatures vanquished.

Vanquished Creatures (collateral kills)
  A bone dragon (Abyss:2)
  A quicksilver dragon (Vaults:5)
  A storm dragon (Vaults:5)
  A fire giant (Vaults:5)
  A balrug (Abyss:3)
  A deep elf sorcerer (Elf:3)
  An ironbound preserver (Vaults:3)
  An orc warlord (Orc:2)
  A minotaur (Gauntlet)
  A deep elf death mage (Elf:3)
  A hydra (Lair:5)
  A catoblepas (Lair:5)
  2 vault guards
  A two-headed ogre (shapeshifter) (Vaults:5)
  A death knight (Abyss:3)
  9 dancing weapons
  A hell hog (Depths:3)
  A death yak (Lair:5)
  A sun demon (Abyss:3)
  2 skysharks
  A flayed ghost (Abyss:2)
  2 deep trolls (Vaults:4)
  A glowing orange brain (Gauntlet)
  3 ugly things
  A deep elf pyromancer (Elf:3)
  A cyclops (D:13)
  4 orc sorcerers
  A wolf spider (Lair:3)
  2 black mambas
  A cane toad (Lair:3)
  A naga skeleton (Abyss:3)
  A freezing wraith (Abyss:3)
  3 trolls (Vaults:2)
  A blink frog (Lair:5)
  A raiju (Abyss:2)
  A yak (Lair:5)
  A fire elemental (Elf:3)
  A chaos spawn (Abyss:3)
  A naga (Snake:2)
  A vampire mosquito (D:13)
  5 orc warriors
  A bullfrog (Lair:4)
  An earth elemental (Elf:3)
  A killer bee (Gauntlet)
  4 orc priests
  2 orc wizards
  A small abomination (Lair:5)
  15 orcs
  A butterfly (Lair:5)
90 creatures vanquished.

Vanquished Creatures (others)
  A deep elf pyromancer (Elf:1)
  A salamander (Snake:4)
  A yak (D:11)
  An orc (D:7)
  22 foxfires
26 creatures vanquished.

Grand Total: 1876 creatures vanquished

Notes
Turn   | Place    | Note
-------+----------+-------------------------------------------
     0 | D:1      | MacCMillion the Gnoll Ice Elementalist began the quest for
                  | the Orb.
     0 | D:1      | Reached XP level 1. HP: 13/13 MP: 6/6
   292 | D:1      | Found a hide-covered altar of Uskayaw.
   297 | D:1      | Reached XP level 2. HP: 16/19 MP: 5/7
   607 | D:1      | Found a faded altar of an unknown god.
   653 | D:1      | Reached skill level 5 in Spellcasting
   653 | D:1      | Reached XP level 3. HP: 25/25 MP: 3/9
  1269 | D:2      | Reached skill level 1 in Invocations
  1355 | D:2      | Reached skill level 1 in Fighting
  1355 | D:2      | Reached skill level 1 in Short Blades
  1355 | D:2      | Reached skill level 1 in Long Blades
  1355 | D:2      | Reached skill level 1 in Axes
  1355 | D:2      | Reached skill level 1 in Maces & Flails
  1355 | D:2      | Reached skill level 1 in Polearms
  1355 | D:2      | Reached skill level 1 in Staves
  1355 | D:2      | Reached skill level 1 in Ranged Weapons
  1355 | D:2      | Reached skill level 1 in Throwing
  1355 | D:2      | Reached skill level 1 in Armour
  1355 | D:2      | Reached skill level 1 in Shields
  1355 | D:2      | Reached skill level 1 in Unarmed Combat
  1355 | D:2      | Reached skill level 1 in Evocations
  1385 | D:2      | Learned a level 3 spell: Frozen Ramparts
  1389 | D:2      | Learned a level 3 spell: Ozocubu's Armour
  1726 | D:2      | Reached XP level 4. HP: 32/32 MP: 4/11
  2027 | D:2      | Reached skill level 1 in Conjurations
  2027 | D:2      | Reached skill level 1 in Hexes
  2027 | D:2      | Reached skill level 1 in Summonings
  2027 | D:2      | Reached skill level 1 in Necromancy
  2027 | D:2      | Reached skill level 1 in Translocations
  2027 | D:2      | Reached skill level 1 in Transmutations
  2027 | D:2      | Reached skill level 1 in Fire Magic
  2027 | D:2      | Reached skill level 1 in Air Magic
  2027 | D:2      | Reached skill level 1 in Earth Magic
  2027 | D:2      | Reached skill level 1 in Poison Magic
  2422 | D:3      | Reached XP level 5. HP: 34/37 MP: 12/12
  2595 | D:3      | Found Lask's Assorted Antiques.
  2603 | D:3      | Bought a scroll labelled FIUX OSOTEOSANT for 28 gold pieces
  2603 | D:3      | Bought a scroll labelled DIDION MORR for 28 gold pieces
  2603 | D:3      | Bought a scroll labelled PEOTTI ZAUPNODA for 28 gold pieces
  2603 | D:3      | Bought a scroll labelled DIDION MORR for 28 gold pieces
  3325 | D:4      | Reached XP level 6. HP: 41/44 MP: 14/14
  3345 | D:4      | Reached skill level 5 in Dodging
  3616 | D:4      | Reached XP level 7. HP: 44/51 MP: 13/15
  4491 | D:4      | Found a runed translucent gate.
  4491 | D:4      | Found a runed translucent gate.
  4491 | D:4      | Found a runed translucent gate.
  4494 | D:4      | Noticed vfn1303's ghost (amateur DgHs)
  4723 | D:5      | Entered Level 5 of the Dungeon
  4865 | D:5      | Reached skill level 5 in Stealth
  5054 | D:5      | Found a staircase to the Ecumenical Temple.
  5112 | D:5      | Found a sacrificial altar of Ru.
  5161 | Temple   | Entered the Ecumenical Temple
  5401 | Temple   | Became a worshipper of Cheibriados the Contemplative
  5949 | D:6      | Found Hiteoxt's Self-Improvement Boutique.
  6022 | D:6      | Reached XP level 8. HP: 42/58 MP: 16/16
  6110 | D:6      | Found an opulent altar of Gozag.
  6112 | D:6      | Found Gozag's Platinum Reserve.
  6198 | D:6      | Found a white marble altar of Elyvilon.
  6465 | D:6      | Reached * piety under Cheibriados
  7006 | D:7      | Noticed Menkaure
  7010 | D:7      | Killed Menkaure
  7073 | D:7      | Reached XP level 9. HP: 37/65 MP: 18/18
  7212 | D:7      | Found a hide-covered altar of Uskayaw.
  7230 | D:7      | Found an iron altar of Okawaru.
  7303 | D:7      | Noticed ChadusMaximus's ghost (novice MiFi)
  7310 | D:7      | Found a transporter.
  7319 | D:7      | Noticed a hornet
  7325 | D:7      | Killed a hornet
  7428 | D:7      | Found a transporter.
  8263 | D:7      | Reached skill level 5 in Invocations
  8591 | D:8      | Found a flagged portal.
  8600 | Bailey   | Entered a bailey
  9120 | D:8      | Reached ** piety under Cheibriados
  9206 | D:8      | Found a stormy altar of Qazlal.
  9553 | D:8      | Found a hazy altar of Hepliaklqana.
 10047 | D:9      | Reached skill level 5 in Fighting
 10047 | D:9      | Reached skill level 5 in Short Blades
 10047 | D:9      | Reached skill level 5 in Long Blades
 10047 | D:9      | Reached skill level 5 in Axes
 10047 | D:9      | Reached skill level 5 in Maces & Flails
 10047 | D:9      | Reached skill level 5 in Polearms
 10047 | D:9      | Reached skill level 5 in Staves
 10047 | D:9      | Reached skill level 5 in Ranged Weapons
 10047 | D:9      | Reached skill level 5 in Throwing
 10047 | D:9      | Reached skill level 5 in Armour
 10047 | D:9      | Reached skill level 5 in Shields
 10047 | D:9      | Reached skill level 5 in Unarmed Combat
 10047 | D:9      | Reached skill level 5 in Evocations
 10047 | D:9      | Reached XP level 10. HP: 60/74 MP: 20/20
 10161 | D:9      | Noticed Psyche
 10228 | D:9      | Killed Psyche
 10316 | D:9      | Found a staircase to the Lair.
 10577 | D:9      | Found Potiblie's Weapon Shoppe.
 10813 | D:9      | Noticed Maggie
 10830 | D:9      | Killed Maggie
 11064 | D:9      | Found an ornate altar of the Wu Jian Council.
 11301 | D:10     | Entered Level 10 of the Dungeon
 11335 | D:10     | Paralysed by a hornet for 2 turns
 11566 | D:10     | Noticed a two-headed ogre
 11654 | D:10     | Learned a level 4 spell: Summon Ice Beast
 11721 | D:10     | Reached *** piety under Cheibriados
 11896 | D:10     | Killed a two-headed ogre
 11897 | D:10     | Reached skill level 5 in Conjurations
 11897 | D:10     | Reached skill level 5 in Hexes
 11897 | D:10     | Reached skill level 5 in Summonings
 11897 | D:10     | Reached skill level 5 in Necromancy
 11897 | D:10     | Reached skill level 5 in Translocations
 11897 | D:10     | Reached skill level 5 in Transmutations
 11897 | D:10     | Reached skill level 5 in Fire Magic
 11897 | D:10     | Reached skill level 5 in Air Magic
 11897 | D:10     | Reached skill level 5 in Earth Magic
 11897 | D:10     | Reached skill level 5 in Poison Magic
 11897 | D:10     | Reached XP level 11. HP: 35/81 MP: 22/23
 12058 | D:10     | Found a staircase to the Orcish Mines.
 13129 | D:10     | Got the Handbook of Feathers and Cinders
 13367 | D:10     | Found a basalt altar of Yredelemnul.
 13419 | D:10     | Reached **** piety under Cheibriados
 14070 | D:10     | Noticed a two-headed ogre
 14158 | D:10     | Noticed a two-headed ogre
 14168 | D:10     | Killed a two-headed ogre
 14366 | D:10     | Killed a two-headed ogre
 14773 | D:11     | Found Daamemon's Island Escapes.
 14861 | D:11     | You fall into a shaft and drop 2 floors!
 14953 | D:13     | Noticed a two-headed ogre
 14965 | D:13     | Killed a two-headed ogre
 14986 | D:13     | Noticed a manticore
 14995 | D:13     | Killed a manticore
 14996 | D:13     | Reached XP level 12. HP: 58/91 MP: 24/24
 15457 | D:11     | Noticed Amaemon
 15471 | D:11     | Killed Amaemon
 15486 | D:11     | Reached ***** piety under Cheibriados
 15930 | D:11     | Found a portal to a secret trove of treasure.
 16531 | D:11     | Noticed an ice dragon
 16867 | Lair:1   | Entered Level 1 of the Lair of Beasts
 16970 | Lair:1   | Learned a level 3 spell: Hailstorm
 16986 | Lair:1   | You fall into a shaft and drop 1 floor!
 17315 | Lair:1   | Reached XP level 13. HP: 71/98 MP: 22/26
 18743 | Lair:2   | Identified the +4 shortbow of the Toadstool {speed, rPois
                  | rC+}
 18755 | Lair:2   | Reached skill level 10 in Ice Magic
 19340 | Lair:3   | Found a staircase to the Snake Pit.
 19432 | Lair:3   | Found a gate leading to a gauntlet.
 19441 | Gauntlet | Entered a Gauntlet
 19441 | Gauntlet | Found a transporter.
 19441 | Gauntlet | Found a transporter.
 19442 | Gauntlet | Found a transporter.
 19442 | Gauntlet | Found a transporter.
 19445 | Gauntlet | Found a transporter.
 19445 | Gauntlet | Found a transporter.
 19447 | Gauntlet | Found a large runed translucent door.
 19448 | Gauntlet | Found a large runed translucent door.
 19449 | Gauntlet | Found a large runed translucent door.
 19449 | Gauntlet | Found a large runed translucent door.
 19449 | Gauntlet | Found a runed translucent door.
 19450 | Gauntlet | Found a large runed translucent door.
 19451 | Gauntlet | Found a large runed translucent door.
 19452 | Gauntlet | Found a large runed translucent door.
 19452 | Gauntlet | Found a large runed translucent door.
 19453 | Gauntlet | Found a runed translucent gate.
 19455 | Gauntlet | Found a transporter.
 19459 | Gauntlet | Found a transporter.
 19475 | Gauntlet | Found a transporter.
 19476 | Gauntlet | Found a transporter.
 19493 | Gauntlet | Found a transporter.
 19497 | Gauntlet | Found a transporter.
 19499 | Gauntlet | Found a runed translucent gate.
 19499 | Gauntlet | Found a runed translucent gate.
 19500 | Gauntlet | Found a large runed translucent door.
 19500 | Gauntlet | Found a large runed translucent door.
 19501 | Gauntlet | Found a large runed translucent door.
 19502 | Gauntlet | Found a large runed translucent door.
 19503 | Gauntlet | Found a large runed translucent door.
 19503 | Gauntlet | Found a large runed translucent door.
 19503 | Gauntlet | Found a runed translucent door.
 19504 | Gauntlet | Found a large runed translucent door.
 19505 | Gauntlet | Found a large runed translucent door.
 19738 | Gauntlet | Identified the ring of the Shining Light {AC+4 Int+2}
 19987 | Gauntlet | Identified the +9 quick blade "Enadd" {freeze, Dex+3}
 20020 | Gauntlet | Reached skill level 10 in Spellcasting
 20060 | Gauntlet | Identified the +0 pair of boots of Relativism {rC- rN+++
                  | Dex+3}
 20077 | Gauntlet | Identified the +6 sling of Yredelemnul's Hope {drain,
                  | Fragile rPois Str+2 Dex+3}
 20077 | Gauntlet | Identified the staff of poison "Xautogic" {rPois rC+}
 20077 | Gauntlet | Noticed a minotaur
 20093 | Gauntlet | Killed a minotaur
 20093 | Gauntlet | Reached ****** piety under Cheibriados
 20315 | Gauntlet | Got the Annotations on Battle Magic
 20439 | Lair:3   | Found a staircase to the Swamp.
 21881 | Lair:3   | Reached skill level 10 in Dodging
 22397 | Lair:4   | Learned a level 5 spell: Fireball
 22403 | Lair:4   | Learned a level 5 spell: Irradiate
 23090 | Lair:4   | Identified the staff of earth "Ofrexu" {rF- Str+6 SInv}
 23130 | Lair:4   | Identified the ring of Zinojod {Fire rElec}
 23155 | Lair:4   | Reached skill level 10 in Stealth
 23570 | Lair:5   | Entered Level 5 of the Lair of Beasts
 24005 | Lair:5   | Noticed Nessos
 24011 | Lair:5   | Reached skill level 10 in Invocations
 24011 | Lair:5   | Reached XP level 14. HP: 85/108 MP: 25/28
 24017 | Lair:5   | Killed Nessos
 24976 | Lair:5   | Found a viscous altar of Jiyva.
 24976 | Lair:5   | Found a staircase to the Slime Pits.
 25325 | Orc:1    | Entered Level 1 of the Orcish Mines
 25687 | Orc:2    | Entered Level 2 of the Orcish Mines
 25687 | Orc:2    | Noticed Maurice
 25869 | Orc:2    | Found a staircase to the Elven Halls.
 25901 | Orc:2    | Killed Maurice
 27017 | Orc:2    | Noticed an orc warlord
 27019 | Orc:2    | Noticed an orc warlord
 27033 | Orc:2    | Found Kugobif's Magic Scroll Boutique.
 27033 | Orc:2    | Found Uhejill's Antique Armour Boutique.
 27695 | Orc:2    | Killed an orc warlord
 27942 | Orc:2    | Reached skill level 10 in Fighting
 27942 | Orc:2    | Reached skill level 10 in Short Blades
 27942 | Orc:2    | Reached skill level 10 in Long Blades
 27942 | Orc:2    | Reached skill level 10 in Axes
 27942 | Orc:2    | Reached skill level 10 in Maces & Flails
 27942 | Orc:2    | Reached skill level 10 in Polearms
 27942 | Orc:2    | Reached skill level 10 in Staves
 27942 | Orc:2    | Reached skill level 10 in Ranged Weapons
 27942 | Orc:2    | Reached skill level 10 in Throwing
 27942 | Orc:2    | Reached skill level 10 in Armour
 27942 | Orc:2    | Reached skill level 10 in Shields
 27942 | Orc:2    | Reached skill level 10 in Unarmed Combat
 27942 | Orc:2    | Reached skill level 10 in Evocations
 27969 | Orc:2    | Killed an orc warlord
 28029 | Orc:2    | Bought a runed helmet for 300 gold pieces
 28039 | Orc:2    | Bought 3 scrolls of identify for 60 gold pieces
 28039 | Orc:2    | Bought a scroll of identify for 20 gold pieces
 28039 | Orc:2    | Bought a scroll of teleportation for 30 gold pieces
 28043 | Orc:2    | Bought a scroll of identify for 20 gold pieces
 28043 | Orc:2    | Bought a scroll of identify for 20 gold pieces
 28060 | Orc:2    | Found Naaj's Assorted Antiques.
 28066 | Orc:2    | Bought a fizzy emerald potion for 27 gold pieces
 28066 | Orc:2    | Bought a scroll labelled RAINOESMOUS for 31 gold pieces
 28103 | Orc:2    | Found Kididgh's Assorted Antiques.
 28121 | Orc:2    | Reached XP level 15. HP: 101/115 MP: 30/30
 28259 | Orc:2    | Bought a pair of runed gloves for 150 gold pieces
 28426 | D:10     | Noticed Erolcha
 28431 | D:10     | Killed Erolcha
 28624 | D:11     | You paid a toll of 7 potions of haste to enter a treasure
                  | trove
 28625 | Trove    | Entered a treasure trove
 28627 | Trove    | Found the amulet of Vitality {RegenMP++ Regen++}
 28628 | Trove    | Found the necklace of Bloodlust {Fury *Rage Will++ Int-3
                  | Slay+6}
 28633 | Trove    | Identified the ring "Heqae" {Fly Dex+3}
 28637 | Trove    | Identified the amulet of Psychosis {Regen+ rCorr}
 28643 | Trove    | Identified the ring "Ubreptac" {Fly Str+4}
 28647 | Trove    | Identified the ring of Pyromania {rPois rC++}
 28651 | Trove    | Identified the ring "Ducwoyrr" {Wiz Int+3 Dex+2 Slay+3}
 28655 | Trove    | Identified the ring "Wygonto" {Fly rCorr}
 29221 | D:11     | Bought a scroll of blinking for 112 gold pieces
 29221 | D:11     | Bought a scroll of blinking for 112 gold pieces
 30267 | D:13     | Found Bunuluupt's Jewellery Shop.
 30560 | D:13     | Found a transporter.
 30945 | D:13     | Found a transporter.
 30949 | D:13     | Found a one-way gate to the infinite horrors of the Abyss.
 30950 | D:13     | Noticed ymhsbmbesitwf's ghost (journeyman MiBe)
 31227 | D:13     | Found a gate to the Vaults.
 32056 | D:14     | Found an iron altar of Okawaru.
 32065 | D:14     | Learned a level 6 spell: Plasma Beam
 32151 | D:14     | Found Riutiw's Book Shop.
 32437 | D:15     | Entered Level 15 of the Dungeon
 32437 | D:15     | Noticed Josephine
 32508 | D:15     | Killed Josephine
 32513 | D:14     | Gained mutation: You are clumsy. (Dex -2) [mutagenic glow]
 32538 | D:15     | Reached XP level 16. HP: 110/124 MP: 30/32
 32545 | D:15     | Noticed Rupert
 32551 | D:15     | Killed Rupert
 33432 | D:15     | Identified the +11 broad axe of Contention {heavy, Str+3}
 33533 | D:15     | Found a staircase to the Depths.
 34123 | Snake:1  | Entered Level 1 of the Snake Pit
 34591 | Snake:1  | Found Rariteoso's Magic Scroll Boutique.
 34595 | Snake:1  | Found Toox's General Store.
 34599 | Snake:1  | Bought a scroll of identify for 36 gold pieces
 34609 | Snake:1  | Bought a scroll of identify for 36 gold pieces
 34609 | Snake:1  | Bought a scroll of identify for 36 gold pieces
 35131 | Snake:1  | Found Luit's Gadget Gallery.
 36594 | Snake:2  | Noticed Azrael
 36611 | Snake:2  | Noticed Aizul
 36613 | Snake:2  | Killed Aizul
 37100 | Snake:2  | Killed Azrael
 37259 | Snake:2  | Reached XP level 17. HP: 133/133 MP: 15/33
 37583 | Snake:2  | Identified the +1 hat of Magic {rElec rF+ Str+6 Dex-3}
 37773 | Snake:3  | Reached skill level 10 in Conjurations
 37773 | Snake:3  | Reached skill level 10 in Hexes
 37773 | Snake:3  | Reached skill level 10 in Summonings
 37773 | Snake:3  | Reached skill level 10 in Necromancy
 37773 | Snake:3  | Reached skill level 10 in Translocations
 37773 | Snake:3  | Reached skill level 10 in Transmutations
 37773 | Snake:3  | Reached skill level 10 in Fire Magic
 37773 | Snake:3  | Reached skill level 10 in Air Magic
 37773 | Snake:3  | Reached skill level 10 in Earth Magic
 37773 | Snake:3  | Reached skill level 10 in Poison Magic
 38222 | Snake:3  | Found a sparkling altar of Nemelex Xobeh.
 38734 | Snake:4  | Entered Level 4 of the Snake Pit
 40791 | Snake:4  | Reached XP level 18. HP: 141/141 MP: 29/35
 40897 | Snake:4  | Got a serpentine rune of Zot
 41183 | Swamp:1  | Entered Level 1 of the Swamp
 42415 | Swamp:2  | Noticed Roxanne
 42600 | Swamp:2  | Killed Roxanne
 42877 | Swamp:3  | Noticed Mara
 42883 | Swamp:3  | Killed Mara
 43027 | Swamp:3  | Found a transporter.
 43046 | Swamp:3  | Noticed a tentacled monstrosity
 43249 | Swamp:3  | Killed a tentacled monstrosity
 43405 | Swamp:3  | Found a transporter.
 43839 | Swamp:4  | Entered Level 4 of the Swamp
 43843 | Swamp:4  | Noticed Nikola
 43853 | Swamp:4  | Killed Nikola
 44282 | Swamp:4  | Got a decaying rune of Zot
 44608 | Swamp:4  | Learned a level 6 spell: Summon Cactus Giant
 44858 | Elf:1    | Entered Level 1 of the Elven Halls
 45030 | Elf:1    | Reached XP level 19. HP: 149/149 MP: 26/37
 45068 | Elf:1    | Noticed a Hell Sentinel
 45491 | Elf:1    | Identified the ring of the Yeti {Ice Dex+6 Slay+3 SInv}
 45500 | Elf:1    | Found a runed translucent gate.
 45500 | Elf:1    | Found a runed translucent gate.
 45500 | Elf:1    | Found a runed translucent gate.
 45500 | Elf:1    | Found a runed translucent gate.
 45500 | Elf:1    | Found a runed translucent gate.
 45502 | Elf:1    | Found a runed translucent gate.
 46605 | Elf:1    | Found Geareul's Weapon Emporium.
 46605 | Elf:1    | Found Jerelesa's Distillery.
 46609 | Elf:1    | Found Weocoeck's Jewellery Emporium.
 46828 | Elf:2    | Gained mutation: Armour fits poorly on your strangely
                  | shaped body. [mutagenic glow]
 46957 | Elf:2    | Found a flickering gateway to a bazaar.
 46976 | Bazaar   | Entered a bazaar
 47009 | Bazaar   | Found Muebavah's Book Boutique.
 47009 | Bazaar   | Found Ruott's Antique Weapon Shop.
 47035 | Bazaar   | Found Riuviw's Assorted Antiques.
 47035 | Bazaar   | Found Girurap's Weapon Boutique.
 47567 | Elf:2    | Found a huge runed translucent gate.
 47567 | Elf:2    | Found a huge runed translucent gate.
 47567 | Elf:2    | Found a huge runed translucent gate.
 47567 | Elf:2    | Found a huge runed translucent gate.
 47568 | Elf:2    | Found a huge runed translucent gate.
 47810 | Elf:3    | Entered Level 3 of the Elven Halls
 47967 | Elf:3    | Reached skill level 15 in Invocations
 48460 | Elf:3    | Found an ancient bone altar of Kikubaaqudgha.
 48694 | Elf:3    | Reached XP level 20. HP: 149/150 MP: 32/38
 48767 | Abyss:2  | Cast into level 2 of the Abyss (+0 halberd of distortion)
 48791 | Abyss:2  | Found a corrupted altar of Lugonu.
 48887 | Abyss:2  | Noticed a bone dragon
 48898 | Abyss:2  | Killed a bone dragon
 49175 | Abyss:3  | Found a corrupted altar of Lugonu.
 49268 | Abyss:3  | HP: 4/159 [eidolon (9)]
 49274 | Elf:3    | Escaped the Abyss
 49533 | Elf:3    | Identified the +8 great sword "Peps" {pain, Will+}
 49533 | Elf:3    | Identified the ring of Dithmenos's Hope {rN+ rCorr MP-9
                  | Int+6}
 49573 | Elf:3    | Reached skill level 15 in Spellcasting
 50421 | Elf:3    | Identified the amulet of Toschacs {Spirit Rampage}
 50598 | Elf:3    | Identified the +6 spear "Killer Bee's Peril" {freeze,
                  | Str+6}
 50939 | Elf:3    | Reached skill level 15 in Dodging
 51369 | Elf:3    | Got the Monograph on Earth
 51379 | Elf:3    | Identified the staff of air "Kolewoe" {rElec rC++ Str-3
                  | Int+3 Stlth+}
 51382 | Elf:3    | Identified the +4 scale mail of the Pits of Slime {+Inv
                  | Will+ Int+2}
 51389 | Elf:3    | Identified the staff of cold "Adeofae" {rPois rC+}
 51394 | Elf:3    | Identified the +6 dagger "Weiregyt" {heavy, rElec rCorr
                  | Str-5}
 51814 | Vaults:1 | Entered Level 1 of the Vaults
 51944 | Vaults:1 | Reached skill level 15 in Stealth
 52130 | Vaults:1 | Identified the +0 halberd of Lust {venom, rElec rN+ Will+}
 52394 | Vaults:1 | Reached XP level 21. HP: 166/166 MP: 17/40
 54503 | Vaults:2 | Reached skill level 15 in Fighting
 54503 | Vaults:2 | Reached skill level 15 in Short Blades
 54503 | Vaults:2 | Reached skill level 15 in Long Blades
 54503 | Vaults:2 | Reached skill level 15 in Axes
 54503 | Vaults:2 | Reached skill level 15 in Maces & Flails
 54503 | Vaults:2 | Reached skill level 15 in Polearms
 54503 | Vaults:2 | Reached skill level 15 in Staves
 54503 | Vaults:2 | Reached skill level 15 in Ranged Weapons
 54503 | Vaults:2 | Reached skill level 15 in Throwing
 54503 | Vaults:2 | Reached skill level 15 in Armour
 54503 | Vaults:2 | Reached skill level 15 in Shields
 54503 | Vaults:2 | Reached skill level 15 in Unarmed Combat
 54503 | Vaults:2 | Reached skill level 15 in Evocations
 54781 | Vaults:2 | Found a staircase to the Crypt.
 54781 | Vaults:2 | Found an ancient bone altar of Kikubaaqudgha.
 54781 | Vaults:2 | Noticed Saint Roka
 54803 | Vaults:2 | Killed Saint Roka
 55030 | Vaults:2 | Found a basalt altar of Yredelemnul.
 55243 | Vaults:2 | Identified the -1 pair of boots of Absolutism {rN++ Str-4}
 56359 | Vaults:3 | Reached XP level 22. HP: 158/175 MP: 30/42
 56892 | Vaults:3 | Found a large runed translucent door.
 56893 | Vaults:3 | Found a large runed translucent door.
 56894 | Vaults:3 | Noticed Tang's ghost (master DsGl)
 56894 | Vaults:3 | Found a large runed translucent door.
 56895 | Vaults:3 | Found a large runed translucent door.
 56895 | Vaults:3 | Found a large runed translucent door.
 56895 | Vaults:3 | Found a large runed translucent door.
 56895 | Vaults:3 | Found a large runed translucent door.
 56895 | Vaults:3 | Found a large runed translucent door.
 58989 | Vaults:5 | Entered Level 5 of the Vaults
 58992 | Vaults:5 | Noticed a dread lich
 59098 | Vaults:5 | Reached skill level 15 in Ice Magic
 59099 | Vaults:5 | Paralysed by a sphinx for 3 turns
 59251 | Vaults:5 | Noticed a golden dragon
 59581 | Vaults:5 | Identified the +10 long sword of the Shouting Fox {heavy,
                  | rF- Int+4 Dex+5}
 59670 | Vaults:5 | Reached XP level 23. HP: 183/183 MP: 32/43
 59687 | Vaults:5 | Identified the amulet of Tuvamn {Reflect Regen+ Str+7 SH+5}
 59837 | Vaults:5 | Noticed a golden dragon
 59841 | Vaults:5 | Killed a golden dragon
 59911 | Vaults:5 | Noticed a dread lich
 59914 | Vaults:5 | Killed a golden dragon
 59918 | Vaults:5 | Killed a dread lich
 60149 | Vaults:5 | Identified the ring "Gane" {EV+5 Dex+4 Slay-5}
 60154 | Vaults:5 | Killed a dread lich
 60270 | Vaults:5 | Noticed a golden dragon
 60277 | Vaults:5 | Killed a golden dragon
 60459 | Vaults:5 | Identified the +3 great mace "Jydouch" {spect, Int+2 Dex+2}
 61022 | Vaults:5 | Identified the amulet "Umat" {Spirit Regen+}
 61074 | Vaults:5 | Identified the +1 robe "Arriecah" {-Cast Fly rN+ SInv}
 61638 | Vaults:5 | Got Sif Muna's Monograph on Mighty Freezing
 61936 | Vaults:5 | Noticed a golden dragon
 61939 | Vaults:5 | Killed a golden dragon
 62034 | Vaults:5 | Got Sif Muna's Incunabulum of Ignition and the Flock
 62082 | Vaults:5 | Got the Enchiridion on Iron Cold
 62090 | Vaults:5 | Got a silver rune of Zot
 63136 | Depths:1 | Entered Level 1 of the Depths
 63142 | Depths:1 | Noticed Bai Suzhen
 63144 | Depths:1 | Killed Bai Suzhen
 63608 | Depths:1 | Found a gateway to Hell.
 64343 | Depths:1 | Got the Quarto of Poison
 64362 | Depths:1 | Found a one-way gateway to a ziggurat.
 64627 | Depths:2 | Found a one-way gate leading to the halls of Pandemonium.
 64858 | Depths:1 | Reached XP level 24. HP: 189/193 MP: 26/44
 66137 | Depths:2 | Found a runed translucent door.
 66896 | Vaults:5 | Learned a level 5 spell: Freezing Cloud
 67158 | Depths:3 | You fall into a shaft and drop 1 floor!
 67158 | Depths:4 | Entered Level 4 of the Depths
 68594 | Depths:3 | Identified the +4 broad axe of Xom {antimagic, rC+ Str+4}
 68594 | Depths:3 | Identified the ring "Hefautit" {rF+ rC- rN++ Int+6 Stlth+}
 68848 | Depths:3 | Got the Annotations on Igneous Metal
 69759 | Depths:4 | Found a gate to the Realm of Zot.
 70853 | Crypt:1  | Entered Level 1 of the Crypt
 71664 | Crypt:2  | Reached XP level 25. HP: 196/200 MP: 24/44
 72852 | Crypt:2  | Identified a scroll of acquirement
 72860 | Crypt:2  | Acquired 253 gold pieces
 73040 | Crypt:3  | Entered Level 3 of the Crypt
 73067 | Crypt:3  | Noticed an ancient lich
 73082 | Crypt:2  | Killed from afar by an ancient lich

Illustrated notes

Levels and vault maps discovered:
D:1:      minmay_arrival_diagonal_passages, layout_loops_ring,
          ebering_ecumenical_altar_mist, minmay_tree_intersection,
          minmay_hexomino_r4
D:2:      layout_basic, kennysheep_doodads, kennysheep_decorative_pillar
D:3:      layout_loops_ring, serial_shops, nicolae_shop_pleasant_corner_grove
D:4:      layout_basic, ebering_ghost_rock_garden
D:5:      layout_gridville, mainiacjoe_overflow_tiny_flanked,
          minmay_temple_entry_poolview
D:6:      layout_rooms, elyvilon_altar_3, nicolae_gozag_zags_fifth_avenue,
          nicolae_shop_self_help
D:7:      minmay_flawed_box, layout_loops_ring, jmf_multi_god_temple,
          gammafunk_ghost_stat_death, uniq_menkaure
D:8:      layout_loops_ring, kennysheep_mini_moat, kennysheep_little_box,
          enter_bailey_8
D:9:      layout_roguey, nzn_wu_jian_council_hall, lair_entry_dummy,
          kennysheep_windowed_goal, uniq_psyche, uniq_maggie
D:10:     lemuel_ogre_cave, layout_loops_ring,
          lemuel_mausoleum_altar_yredelemnul, minmay_orc_entry_guard_dogs,
          minmay_misc_feat_encased, fountainhead
D:11:     layout_rooms, portal_ice_cave_entry_animals_and_master,
          trove_entry_hex_spiral, nicolae_island_escapes, uniq_amaemon
D:12:     layout_long_grid, nzn_random_ring
D:13:     layout_basic, david_vaults_5, serial_shops, shop,
          gammafunk_ghost_abyssal_escape
D:14:     layout_cave_pools, nrook_pool_corridor, serial_shops, shop_statue,
          serial_undead, serial_undead_a, serial_undead_b, serial_undead_c,
          serial_undead_c, serial_undead_b, serial_undead_a,
          chequers_serial_rivers_micro_e, okawaru_metal_pillars_3
D:15:     hangedman_depths_entry_civil_slaughter, layout_long_grid,
          serial_rivers, chequers_serial_rivers_room_a,
          chequers_serial_rivers_micro_a, chequers_serial_rivers_room_a,
          chequers_serial_rivers_micro_a, chequers_serial_rivers_micro_c,
          uniq_rupert, uniq_josephine
Temple:   nicolae_temple_figure_eight
Lair:1:   layout_chaotic_city, infiniplex_staircase_pool, grunt_megastairs_2
Lair:2:   layout_misc_corridors, serial_bayou_shore_a, grunt_megastairs_4
Lair:3:   nzn_winding_woodlands_large [nzn_winding_woodlands_5x5_checkerboard,
          nzn_winding_woodlands_5x15_parted,
          nzn_winding_woodlands_5x5_closed_star,
          nzn_winding_woodlands_center_lodge,
          nzn_winding_woodlands_15x15_eel_pit,
          nzn_winding_woodlands_center_diamonds,
          nzn_winding_woodlands_5x5_open_star,
          nzn_winding_woodlands_5x15_sidewinder,
          nzn_winding_woodlands_hourglass], layout_gridlike,
          minmay_swamp_entry_worms, dummy_snake_entry, gauntlet_entry_generic,
          lightli_volcano_entry_magma_tube
Lair:4:   layout_gridlike, lookout_lair_type, minivault_23
Lair:5:   hellmonk_lair_end_abyssal_woods, layout_regular_city, slime_entry_1,
          dreamdust_gnoll_shepherd, lemuel_fruit_fields, grunt_megastairs_1,
          uniq_nessos
Swamp:1:  layout_basic_swamp, evilmike_swamp_ruin_rubble_2, swamp_pool4
Swamp:2:  layout_basic_swamp, evilmike_swamp_ruin_rubble_1, uniq_roxanne
Swamp:3:  gammafunk_sealed_arena, layout_basic_swamp, uniq_mara
Swamp:4:  swamp_alternative, layout_basic_swamp, uniq_nikola
Snake:1:  minmay_snake_river, layout_gridlike, nicolae_shop_gadgets,
          minmay_shoptagon, lemuel_fruit_tree
Snake:2:  layout_grid_shapes, uniq_azrael, uniq_aizul
Snake:3:  layout_onion_interference, basic_altar
Snake:4:  grunt_snake_rune_pools, layout_cave_town
Orc:1:    layout_diamond_mine, nicolae_orc_rockfall
Orc:2:    hellmonk_orc_salted, layout_diamond_mine, basic_altar, uniq_maurice
Elf:1:    nicolae_elf_arrival_no_cutting_in_line, layout_gridlike, orc_legates,
          grunt_megastairs_5, minmay_shop_star
Elf:2:    elven_hall_of_blades_hangedman_alternative
          [nooodl_blade_entry_preview], layout_loops_cross,
          portal_desolation_entry_nicolae_menacing_earthworks, serial_shops,
          bzr_entry_road, uniq_asterion
Elf:3:    elf_hall, layout_geoelf_diagonals, basic_altar,
          hangedman_elf_represent
Vaults:1: vaults_standard_mumra_enter_the_diamond, v_misc_32,
          nicolae_vaults_storage_closets_3, nicolae_vaults_big_ls,
          nicolae_vaults_twisting_passages, v_alt_pattern_2,
          nicolae_vaults_diamond_2, nicolae_vaults_tetromino_Z_2,
          layout_vaults_chaotic_city
Vaults:2: nicolae_vaults_gold_heap, minmay_crypt_entry_necro_gods,
          nicolae_vaults_offset_grid_hallway_3, ontoclasm_vaults_ligature,
          nicolae_vaults_diamond_2, v_misc_27, vaults_room_fours,
          nicolae_vaults_wine_cellar, nicolae_vaults_tetromino_Z_2,
          layout_vaults_omnigrid, uniq_saint_roka
Vaults:3: advil_vaults_ghost_lines, nicolae_vaults_back_hallway, v_misc_29,
          vaults_room_grid, hangedman_vaults_cutoff,
          nicolae_vaults_offset_grid_hallway_4, nicolae_vaults_alarming,
          hangedman_vaults_stretched_pinwheel, vaults_mumra_bighexcomb,
          v_pattern_1, v_misc_24, vaults_mumra_hex, vaults_room_grid, v_misc_22,
          nicolae_vaults_little_squares_6, layout_vaults_ring
Vaults:4: nicolae_vaults_door_testing_chamber, nicolae_vaults_network_quincunx
          [nicolae_vaults_network_quincunx_subvault,
          nicolae_vaults_network_quincunx_subvault,
          nicolae_vaults_network_quincunx_subvault,
          nicolae_vaults_network_quincunx_subvault,
          nicolae_vaults_network_quincunx_subvault],
          nicolae_vaults_closet_pinwheel_4, nicolae_vaults_closet_pinwheel_5,
          nicolae_vaults_shrinking_rooms_1, v_misc_10, nicolae_vaults_tangram_1,
          nicolae_vaults_angled_halls, nicolae_vaults_house_3,
          layout_vaults_big_cross
Vaults:5
Crypt:1:  layout_chaotic_city
Crypt:2:  layout_basic, minicrypt_bobbens
Crypt:3:  church_of_pain_bobbens, layout_chaotic_city, tomb_entry_shell_bobbens,
          minicrypt_bobbens, uniq_frederick
Depths:1: layout_basic, enter_ziggurat_b, hell_entry,
          chequers_serial_rivers_room_b, hex_medium, firewood_loft,
          uniq_bai_suzhen
Depths:2: minmay_gate_of_8, layout_cave_pools, grunt_hell_entry_dis_old,
          pan_entry, hangedman_decor_lopped
Depths:3: kennysheep_large_spiral, layout_basic, abyss_entry_glasseish,
          nicolae_elevator_lobby_plus, grunt_hell_horde, rand_demon_pan_entry_3
Depths:4: grunt_zot_entry_tricorne, layout_basic, nrook_uturn,
          pf_hell_entry_tar_spiral

Skill      XL: |  1  2  3  4  5  6  7  8  9 10 11 12 13 14 15 16 17 18 19 20 21 22 23 24 25 |
---------------+----------------------------------------------------------------------------+-----
Spellcasting   | 5 6 7 8 9 10 11 12 13 14 15 16 17 18 | 18.0
Invocations    | 1 2 3 4 5 6 7 8 10 11 12 13 14 15 16 17 18 | 18.8
Fighting       | 1 2 3 5 6 7 8 9 10 11 12 13 14 15 16 17 | 17.4
Short Blades   | 1 2 3 5 6 7 8 9 10 11 12 13 14 15 16 17 | 17.4
Long Blades    | 1 2 3 5 6 7 8 9 10 11 12 13 14 15 16 17 | 17.4
Axes           | 1 2 3 5 6 7 8 9 10 11 12 13 14 15 16 17 | 17.4
Maces & Flails | 1 2 3 5 6 7 8 9 10 11 12 13 14 15 16 17 | 17.4
Polearms       | 1 2 3 5 6 7 8 9 10 11 12 13 14 15 16 17 | 17.4
Staves         | 1 2 3 5 6 7 8 9 10 11 12 13 14 15 16 17 | 17.4
Ranged Weapons | 1 2 3 5 6 7 8 9 10 11 12 13 14 15 16 17 | 17.4
Throwing       | 1 2 3 5 6 7 8 9 10 11 12 13 14 15 16 17 | 17.4
Armour         | 1 2 3 5 6 7 8 9 10 11 12 13 14 15 16 17 | 17.4
Shields        | 1 2 3 5 6 7 8 9 10 11 12 13 14 15 16 17 | 17.4
Unarmed Combat | 1 2 3 5 6 7 8 9 10 11 12 13 14 15 16 17 | 17.4
Evocations     | 1 2 3 5 6 7 8 9 10 11 12 13 14 15 16 17 | 17.4
Conjurations   | 1 2 3 4 5 6 7 8 9 10 11 12 13 14 | 14.8
Hexes          | 1 2 3 4 5 6 7 8 9 10 11 12 13 14 | 14.8
Summonings     | 1 2 3 4 5 6 7 8 9 10 11 12 13 14 | 14.8
Necromancy     | 1 2 3 4 5 6 7 8 9 10 11 12 13 14 | 14.8
Translocations | 1 2 3 4 5 6 7 8 9 10 11 12 13 14 | 14.8
Transmutations | 1 2 3 4 5 6 7 8 9 10 11 12 13 14 | 14.8
Fire Magic     | 1 2 3 4 5 6 7 8 9 10 11 12 13 14 | 14.8
Air Magic      | 1 2 3 4 5 6 7 8 9 10 11 12 13 14 | 14.8
Earth Magic    | 1 2 3 4 5 6 7 8 9 10 11 12 13 14 | 14.8
Poison Magic   | 1 2 3 4 5 6 7 8 9 10 11 12 13 14 | 14.8
Dodging        | 5 6 7 8 9 10 11 12 13 14 15 16 17 | 17.9
Stealth        | 5 6 7 8 9 10 11 12 13 14 15 16 17 | 17.8
Ice Magic      | 8 9 10 11 12 13 14 15 16 | 16.2

Action                     |  1- 3 |  4- 6 |  7- 9 | 10-12 | 13-15 | 16-18 | 19-21 | 22-24 | 25-27 || total
---------------------------+-------+-------+-------+-------+-------+-------+-------+-------+-------++-------
  Melee: Unarmed           |     2 |       |       |     4 |       |       |       |       |       ||     6
         Dagger            |     6 |     5 |       |       |       |       |       |       |       ||    11
         Short sword       |     9 |    57 |    21 |       |       |       |       |       |       ||    87
         Bite              |     1 |     7 |    10 |    91 |   128 |    51 |    57 |    68 |    67 ||   480
         Punch             |       |     3 |     3 |    34 |       |       |       |       |       ||    40
         Whip              |       |       |   104 |   485 |   295 |       |       |       |       ||   884
         Quick blade       |       |       |       |       |   521 |   253 |    33 |    96 |   125 ||  1028
         Staff             |       |       |       |       |       |     5 |   246 |   137 |    92 ||   480
  Throw: Boomerang         |       |       |    19 |    19 |       |       |       |       |       ||    38
         Javelin           |       |       |       |       |     1 |       |       |       |       ||     1
   Cast: Freeze            |    40 |     3 |     1 |     2 |       |       |       |       |       ||    46
         Frozen Ramparts   |     4 |    22 |    41 |    56 |    95 |     3 |     2 |       |       ||   223
         Ozocubu's Armour  |       |     5 |    25 |    65 |    80 |     3 |     1 |     7 |     1 ||   187
         Hailstorm         |       |       |       |     3 |    77 |     1 |     1 |       |       ||    82
         Summon Ice Beast  |       |       |       |       |    94 |     8 |       |       |       ||   102
         Irradiate         |       |       |       |       |     8 |    44 |    31 |    24 |     4 ||   111
         Plasma Beam       |       |       |       |       |     6 |   395 |   401 |   522 |    36 ||  1360
         Fireball          |       |       |       |       |       |     1 |     4 |       |       ||     5
         Summon Cactus Gia |       |       |       |       |       |       |    36 |    18 |       ||    54
 Invoke: Bend Time         |       |       |       |     1 |       |       |       |       |       ||     1
         Temporal Distorti |       |       |       |       |     1 |     1 |       |       |       ||     2
         Slouch            |       |       |       |       |     1 |       |       |     2 |       ||     3
         Step From Time    |       |       |       |       |       |       |       |     2 |       ||     2
  Evoke: Wand              |       |       |     3 |    10 |    11 |       |       |       |       ||    24
         Phantom mirror    |       |       |       |       |     1 |       |       |       |       ||     1
         Box of beasts     |       |       |       |       |       |       |       |     1 |       ||     1
    Use: Potion            |       |     1 |       |     2 |     2 |       |     3 |     2 |       ||    10
         Scroll            |       |       |    11 |     6 |    12 |     7 |     4 |     4 |     1 ||    45
   Stab: Sleeping          |     5 |     4 |     2 |     5 |    12 |     2 |       |     1 |     1 ||    32
         Invisible         |       |       |       |       |     2 |       |       |       |       ||     2
         Distracted        |       |       |       |       |     9 |     3 |     2 |       |     5 ||    19
 Armour: Robe              |     6 |       |       |       |       |       |    54 |    26 |       ||    86
         Leather armour    |    10 |    26 |    22 |       |       |       |       |       |       ||    58
         Steam dragon scal |       |       |    26 |   162 |       |       |       |       |       ||   188
         Skin              |       |       |       |     1 |       |       |       |       |       ||     1
         Swamp dragon scal |       |       |       |    25 |   179 |   113 |       |       |       ||   317
         Shadow dragon sca |       |       |       |       |       |       |       |    19 |    39 ||    58
  Dodge: Dodged            |    28 |    40 |    94 |   474 |   564 |   367 |   302 |   263 |    67 ||  2199
  Block: Buckler           |       |       |       |       |   246 |   127 |       |       |       ||   373
         Kite shield       |       |       |       |       |       |    94 |   321 |   270 |   103 ||   788
         Reflection        |       |       |       |       |       |     1 |    49 |     8 |       ||    58
